 Dungeon Crawl Stone Soup version 0.29.1-12-g30fa7ad0bf (webtiles) character file.

Game seed: 7077968698028247063

329 Sanktem7 the Trooper (level 6, -7/57 HPs)
             Began as a Minotaur Fighter on Jan 7, 2023.
             Killed from afar by an orc wizard (10 damage)
             ... with a magic dart
             ... on level 4 of the Dungeon.
             The game lasted 00:05:38 (3322 turns).

Sanktem7 the Trooper (Minotaur Fighter)             Turns: 3322, Time: 00:05:38

Health: -7/57      AC: 12    Str: 22    XL:     6   Next: 25%
Magic:  5/5        EV:  9    Int:  5    God:
Gold:   172        SH:  0    Dex: 10    Spells: 5/5 levels left

rFire   . . .      SeeInvis .   a - +0 war axe {axe}
rCold   . . .      Faith    .   c - +0 buckler
rNeg    . . .      Spirit   .   v - +3 scale mail
rPois   .          Reflect  .   (helmet restricted)
rElec   .          Harm     .   k - +0 cloak
rCorr   .          Rampage  .   r - +0 pair of gloves
Will    .....                   (no boots)
Stlth   ..........              (no amulet)
HPRegen 0.19/turn               (no ring)
MPRegen 0.09/turn               (no ring)

@: confused
A: horns 2, retaliatory headbutt
a: no special abilities


You were on level 4 of the Dungeon.
You visited 1 branch of the dungeon, and saw 4 of its levels.

You collected 172 gold pieces.


Innate Abilities, Weirdness & Mutations

You have a pair of horns on your head.
You reflexively headbutt those who attack you in melee.


   Skills:
 * Level 5.6 Fighting
 * Level 5.0 Axes
 + Level 4.7 Armour
 + Level 4.8 Shields


You had 5 spell levels left.
You didn't know any spells.
Your spell library contained the following spells:

 Spells                   Type           Power      Damage    Failure   Level
 Shock                    Conj/Air       0%         1d3       86%         1
 Ozocubu's Armour         Ice            0%         N/A       99%         3
 Swiftness                Air            0%         N/A       99%         3
 Airstrike                Air            0%         2d(0-16)  100%        4
 Metabolic Englaciation   Hex/Ice        0%         N/A       100%        5
 Simulacrum               Ice/Necr       0%         N/A       100%        6

Inventory:

Hand Weapons
 a - a +0 war axe (weapon) {axe}
Missiles
 e - 49 stones (quivered) {throwing}
 h - 15 poisoned darts {throwing}
 m - 3 atropa-tipped darts {throwing}
Armour
 c - a +0 buckler (worn)
 k - a +0 cloak (worn)
   (You found it on level 1 of the Dungeon)
 r - a +0 pair of gloves (worn)
   (You found it on level 2 of the Dungeon)
 v - a +3 scale mail (worn)
   (You found it on level 2 of the Dungeon)
Wands
 p - a wand of polymorph (12)
   (You took it off Natasha on level 2 of the Dungeon)
 s - a wand of flame (30)
   (You found it on level 2 of the Dungeon)
Scrolls
 f - 2 scrolls of enchant armour {unknown}
 i - 3 scrolls of identify {unknown}
 n - 2 scrolls of fear {unknown}
 q - 2 scrolls of blinking {unknown}
 t - a scroll of magic mapping {unknown}
 u - a scroll of enchant weapon {unknown}
 w - a scroll of poison {unknown}
Potions
 b - a potion of heal wounds {unknown}
 d - 3 potions of might
 g - a potion of flight {unknown}
 j - a potion of mutation {unknown}
 l - 2 potions of lignification {unknown}
 x - a potion of haste {unknown}
 z - 3 potions of attraction {unknown}
 A - a potion of ambrosia {unknown}
 B - 2 potions of berserk rage {unknown}

Dungeon Overview and Level Annotations

Branches:
Dungeon (4/15) Zot: 20593
 Temple: D:4-7

Altars:

........#
#.###.####........
###.#.#.###.#
#.##.......#.#
###.#.#.....#
#.##.#.....# #
....#.#######
#.##.##.####
####...# #.......#
...# #######.####
#...# #.......#
#...#
#.#####.#######
#...#
#....@oo)o.....
....
.....#.o#####..!.
... #..# .. .
...># ..##.# ....
#.# ##. ... #. ###


You could see 2 orc priests, an orc wizard and an orc.


Message History

2 jackals come into view.
The jackal barks! x2
A jackal comes into view.
The jackal moves out of view.
There are monsters nearby!
There are monsters nearby!
The jackal barks!
You closely miss the jackal. The jackal barely misses you.
The jackal bites you but does no damage.
You slash the jackal!
You kill the jackal!
You block the jackal's attack.
You barely miss the jackal. You headbutt the jackal.
You kill the jackal!
You slash the jackal!
You kill the jackal!
No target in view!
No target in view!
No target in view!
No target in view!
No target in view!
No target in view!
No target in view!
No target in view!
No target in view!
No target in view!
Things that are here:
a jackal corpse; a jackal corpse Key pressed, stopping explore.
g - a white potion
z - 3 pink potions (gained 1)
You pick up a book of Winter and begin reading...
You add the spells Ozocubu's Armour, Metabolic Englaciation and Simulacrum to your library.
An orc wizard, an orc priest, 2 orcs and a ball python come into view.
The orc wizard shouts!
The orc shouts!
The ball python hisses angrily.
You hear a shout!
There are monsters nearby!
You hit the ball python. You headbutt the ball python.
You kill the ball python!
You slash the orc!
You kill the orc!
The orc wizard hits you but does no damage.
The orc priest calls down the wrath of Beogh upon you.
Beogh smites you! 😕 HP[-10]
You take 10 damage, and now have 47/57 hp.
You barely miss the orc wizard.
The orc wizard gestures at you while chanting.
You are confused.
Found a stone staircase leading down.
The orc wizard gestures at you while chanting.
You are more confused.
An orc priest comes into view. It is wielding a +0 whip.
The orc priest mumbles some strange prayers to Beogh against you.
Beogh smites you!
The orc wizard hits you but does no damage.
The orc priest shouts! 😮 HP[-10]
You take 10 damage, and now have 37/57 hp.
You miss the orc wizard.
The orc wizard points at you and mumbles some strange words.
The magic dart hits you. 😮 HP[-4]
You take 4 damage, and now have 33/57 hp.
You miss the orc wizard. The orc wizard casts a spell at you.
You are more confused.
The orc wizard barely misses you.
You closely miss the orc wizard. Your headbutt misses the orc wizard.
The orc wizard points at you and mumbles some strange words.
The puff of flame misses you.
You bump into the rock wall.
The orc wizard points at you and mumbles some strange words.
The magic dart hits you but does no damage. 😮 HP[+1]
You bump into the rock wall.
The orc priest calls down the wrath of Beogh upon you.
Beogh smites you!
* * * LOW HITPOINT WARNING * * *
The orc wizard points at you and mumbles some strange words.
You are more confused. 😨 HP[-15]
You take 15 damage, and now have 19/57 hp.
MASSIVE DAMAGE!! (PAUSE)
The orc priest looks satisfied for a moment.
The orc priest looks encouraged for a moment.
The orc priest invokes the aid of Beogh against you.
Beogh smites you!
* * * LOW HITPOINT WARNING * * *
😱 HP[-15]
You take 15 damage, and now have 4/57 hp.
MASSIVE DAMAGE!! (PAUSE)
You barely miss the orc wizard. Your headbutt misses the orc wizard.
You completely miss the orc wizard.
The orc wizard hits you but does no damage.
The orc hits you with a +0 club.
* * * LOW HITPOINT WARNING * * *
The orc wizard gestures at you while chanting.
The magic dart hits you!
You die...

Skill      XL: |  1  2  3  4  5  6 |
---------------+-------------------+-----
Axes           | 3 4 5 |  5.0
Fighting       | 4 5 |  5.6
Armour         | 4 |  4.7
Shields        | 4 |  4.8

Action                   |  1- 3 |  4- 6 || total
-------------------------+-------+-------++-------
Melee: War axe           |    62 |   125 ||   187
       Headbutt          |     7 |    14 ||    21
Armor: Scale mail        |    18 |    47 ||    65
       Chain mail        |    15 |    18 ||    33
Dodge: Dodged            |    32 |    47 ||    79
Block: Buckler           |    15 |    20 ||    35

Levels and vault maps discovered:
D:1:      evilmike_arrival_hilbert_curve, layout_basic,
          chequers_ecumenical_altar_simple_redux, minmay_misc_feat_doors,
          minmay_bisected
D:2:      layout_rooms, uniq_terence, uniq_robin, uniq_natasha
D:3:      layout_basic, minmay_randomly_rotated_circles
D:4:      layout_loops_cross

Notes
Turn   | Place    | Note
-------+----------+-------------------------------------------
     0 | D:1      | Sanktem7 the Minotaur Fighter began the quest for the Orb.
     0 | D:1      | Reached XP level 1. HP: 19/19 MP: 0/0
     0 | D:1      | magus.rc [v1.9.6]
   472 | D:1      | Reached XP level 2. HP: 27/27 MP: 1/1
   583 | D:1      | Found a faded altar of an unknown god.
   630 | D:1      | Reached skill level 3 in Axes
   751 | D:1      | Reached skill level 4 in Fighting
   888 | D:1      | Reached XP level 3. HP: 28/33 MP: 2/2
  1298 | D:2      | Noticed Natasha
  1310 | D:2      | HP: 8/33 [Natasha/magic dart (6)]
  1311 | D:2      | Killed Natasha
  1312 | D:2      | Reached skill level 4 in Armour
  1312 | D:2      | Reached skill level 4 in Shields
  1326 | D:2      | Noticed Natasha
  1336 | D:2      | Killed Natasha
  1337 | D:2      | Reached XP level 4. HP: 13/41 MP: 3/3
  1337 | D:2      | Noticed Natasha
  1545 | D:2      | Killed Natasha
  1546 | D:2      | Reached skill level 4 in Axes
  1546 | D:2      | Noticed Robin
  1554 | D:2      | Killed Robin
  1559 | D:2      | Reached XP level 5. HP: 41/47 MP: 4/4
  1774 | D:2      | Noticed Terence
  1779 | D:2      | Reached skill level 5 in Fighting
  1783 | D:2      | Killed Terence
  2833 | D:3      | Identified the +2 leather armour "Nyibucvy" {Rampage rF+}
  2836 | D:3      | You pick up a book of Air and begin reading...
  2836 | D:3      | You add the spells Shock, Swiftness and Airstrike to your
                  | library.
  2954 | D:3      | Reached XP level 6. HP: 51/56 MP: 5/5
  3174 | D:4      | Reached skill level 5 in Axes
  3305 | D:4      | You pick up a book of Winter and begin reading...
  3305 | D:4      | You add the spells Ozocubu's Armour, Metabolic Englaciation
                  | and Simulacrum to your library.
  3320 | D:4      | HP: 4/57 [orc priest/divine providence (15)]
  3322 | D:4      | Killed from afar by an orc wizard

Vanquished Creatures
  Terence (D:2)
  An iguana (D:4)
  Natasha (thrice) (D:2)
  An orc wizard (D:3)
  Robin (D:2)
  4 adders
  2 dart slugs (D:2)
  A worm (D:3)
  7 orcs
  6 endoplasms
  2 giant cockroaches (D:3)
  12 goblins
  9 hobgoblins
  13 jackals
  6 quokkas
  12 ball pythons
  8 bats
  5 frilled lizards
  13 kobolds
  12 rats
119 creatures vanquished.

Table legend:
 A = Non-vault XP
 B = Vault XP
 C = Vault XP percentage of total XP
 D = Non-vault monster count
 E = Vault monster count
 F = Vault count percentage of total count
                 A         B        C        D         E       F
            +---------+---------+-------+---------+---------+-------
      Total |     334 |     137 |  29.1 |      90 |      29 |  24.4
            +---------+---------+-------+---------+---------+-------
        D:1 |      32 |      10 |  23.8 |      23 |       6 |  20.7
        D:2 |     132 |     108 |  45.0 |      31 |      13 |  29.5
        D:3 |     117 |      19 |  14.0 |      27 |      10 |  27.0
        D:4 |      53 |       0 |   0.0 |       9 |       0 |   0.0
            +---------+---------+-------+---------+---------+-------

Illustrated notes

Table legend:
 A = Kills in this place as a percentage of kills in entire the game.
 B = Kills by you in this place as a percentage of kills by you in the entire game.
 C = Kills by friends in this place as a percentage of kills by friends in the entire game.
 D = Other kills in this place as a percentage of other kills in the entire game.
 E = Experience gained in this place as a percentage of experience gained in the entire game.
 F = Experience gained in this place divided by the number of levels of this place that you have seen.
                   A       B       C       D       E      F
               +-------+-------+-------+-------+-------+----------------------
         Total | 100.0 | 100.0 |   N/A |   N/A | 100.0 | 117.8
       Dungeon | 100.0 | 100.0 |   N/A |   N/A | 100.0 | 117.8
               +-------+-------+-------+-------+-------+----------------------

Table legend: (Time is in decaauts)
 A = Elapsed time spent in this place.
 B = Non-inter-level travel time spent in this place.
 C = Inter-level travel time spent in this place.
 D = Time resting spent in this place.
 E = Time spent auto-exploring this place.
 F = Levels seen in this place.
 G = Mean time per level.
                   A        B        C        D        E       F      G
               +--------+--------+--------+--------+--------+-----+--------+
         Total |   3404 |   3240 |    164 |    210 |   2468 |   4 |  851.0 |
       Dungeon |   3404 |   3240 |    164 |    210 |   2468 |   4 |  851.0 |
               +--------+--------+--------+--------+--------+-----+--------+

Top non-repeatable levels by time:
     D:1: 1526 daAuts
     D:3: 956 daAuts
     D:2: 728 daAuts
     D:4: 193 daAuts
